Construct Infanterie Kompanie
Selects Luftwaffe Battlegroup
Selects Luftwaffe Pioneer Support
Fallschirmpioneer Squad Paradrop
Fallschirmpioneer Squad Paradrop
Selects Stuka Strafing Run
Construct Panzergrenadier Kompanie
Selects Fallschirmjäger Squad Paradrop
Fallschirmjäger Squad Paradrop
Selects Flak 38 Anti-Air Emplacement
Pak 40 Anti-tank Gun Team
Construct Luftwaffe Kompanie
Marder III M Tank Destroyer
Fallschirmjäger Squad Paradrop
Marder III M Tank Destroyer